 Dungeon Crawl Stone Soup version 0.30-a0-778-g2ef04afb54 (webtiles) character file.

Game seed: 11726528238199696514

1147 Pimp the Chopper (level 8, 0/60 HPs)
             Began as a Demonspawn Fighter on Feb 16, 2023.
             Was a Follower of Okawaru.
             Slain by a white imp (1 damage)
             ... on level 6 of the Dungeon.
             The game lasted 00:19:59 (5791 turns).

Pimp the Chopper (Demonspawn Fighter)               Turns: 5791, Time: 00:19:59

Health: 0/60       AC: 15    Str: 18    XL:     8   Next: 15%
Magic:  8/8        EV:  9    Int: 10    God:    Okawaru [*.....]
Gold:   250        SH:  9    Dex: 15    Spells: 7/7 levels left

rFire   + + .      SeeInvis .    g - +2 spear (venom)
rCold   x . .      Faith    .    o - +0 kite shield
rNeg    . . .      Spirit   .    A - +1 plate armour {rF+}
rPois   .          Reflect  .    (no helmet)
rElec   .          Harm     .    x - +1 cloak {rCorr}
rCorr   +          Rampage  .    (no gloves)
Will    .....                    (no boots) Stlth
                                 (no amulet)
HPRegen 0.30/turn                j - ring of fire
MPRegen 0.11/turn                e - +5 ring of evasion

@: attractive
A: thin skeletal structure 1, foul stench 1, powered by pain 1
a: Renounce Religion, Heroism


You were on level 6 of the Dungeon.
You worshipped Okawaru.
Okawaru was aware of your devotion.
You visited 2 branches of the dungeon, and saw 7 of its levels.

You collected 250 gold pieces.

Inventory:

Hand Weapons
 a - a +0 war axe
 g - a +2 spear of venom (weapon)
Missiles
 C - a throwing net (quivered)
Armour
 o - a +0 kite shield (worn)
 w - a +1 leather armour of poison resistance
 x - a +1 cloak of preservation (worn)
 A - a +1 plate armour of fire resistance (worn)
Jewellery
 e - a +5 ring of evasion (right hand)
 j - a ring of fire (left hand)
 k - an amulet of reflection
 u - a ring of willpower
 z - a ring of flight
 B - a ring of wizardry
Wands
 b - a wand of flame (9)
Scrolls
 c - a scroll of poison {unknown}
 f - 2 scrolls of blinking
 h - a scroll of enchant weapon {unknown}
 i - 3 scrolls of teleportation {unknown}
 l - 3 scrolls of fog {unknown}
 m - a scroll of magic mapping {unknown}
 p - 2 scrolls of enchant armour
 q - 2 scrolls of amnesia
 t - a scroll of summoning {unknown}
 y - a scroll of noise {unknown}
Potions
 d - a potion of might
 n - a potion of haste {unknown}
 r - a potion of flight {unknown}
 s - a potion of attraction
 v - a potion of brilliance {unknown}


   Skills:
 + Level 4.3 Fighting
 + Level 6.1 Axes
 + Level 0.2(3.7) Polearms
 + Level 5.0 Armour
 + Level 1.4 Dodging
 + Level 1.1 Stealth
 + Level 4.3 Shields


You had 7 spell levels left.
You didn't know any spells.
Your spell library contained the following spells:

 Spells                   Type           Power      Damage    Failure   Level
 Apportation              Tloc           0%         N/A       100%        1
 Necrotise                Necr           0%         1d4       100%        1
 Cigotuvi's Dreadful Rot  Necr/Pois/Air  0%         N/A       100%        2
 Poisonous Vapours        Pois/Air       0%         N/A       100%        2
 Mephitic Cloud           Conj/Pois/Air  0%         N/A       100%        3
 Petrify                  Tmut/Erth      0%         N/A       100%        4
 Alistair's Intoxication  Tmut/Pois      0%         N/A       100%        5
 Metabolic Englaciation   Hex/Ice        0%         N/A       100%        5
 Statue Form              Tmut/Erth      0%         N/A       100%        6
 Summon Small Mammal      Summ           Unusable   N/A       N/A         1

Dungeon Overview and Level Annotations

Branches:
Dungeon (6/15)             Temple (1/1) D:5

Altars:
Ashenzari
Dithmenos
Fedhas
Kikubaaqudgha
Okawaru
Qazlal
Ru
Sif Muna
Trog
Uskayaw
Vehumet
Wu Jian

Shops:
D:3 ([

Annotations:
D:6 Blork the orc, Grinder


Innate Abilities, Weirdness & Mutations

You have a somewhat thin skeletal structure. (Dex +2, Stealth+)
You may rarely emit foul miasma when damaged in melee.
You sometimes gain a little power by taking damage.


Message History

Grinder comes into view.
She is carrying a wand of digging (3).
Grinder shouts!
You closely miss Grinder.
Grinder blinks!
Things that are here:
a +0 giant club; an ogre corpse Grinder blinks!
Grinder attacks as you move away! You block Grinder's attack.
You closely miss Grinder. Grinder hits you.
You writhe in agony.
A white imp comes into view.
You barely miss Grinder. Grinder hits you but does no damage.
The white imp gestures at you. The puff of frost hits you.
You feel a terrible chill!
* * * LOW HITPOINT WARNING * * *
Grinder zaps a wand.
Some rock shatters into small pieces.
You open the door.
The white imp grins evilly.
There is an open door here.
The white imp gestures at you. You block the puff of frost.
You hit Grinder.
Grinder is lightly wounded.
Grinder hits you!
* * * LOW HITPOINT WARNING * * *
You emit a cloud of foul miasma!
You closely miss Grinder.
Grinder is lightly wounded.
Grinder gestures at you. You resist with some effort.
It was a potion of attraction.
You feel attractive to monsters. Grinder closely misses you.
The white imp is attracted toward you. Grinder attacks as you move away!
You block Grinder's attack.
Grinder blinks!
The white imp is attracted toward you.
You hit Grinder but do no damage.
Grinder is lightly wounded.
Grinder gestures at you. Pain shoots through your body!
* * * LOW HITPOINT WARNING * * *
The white imp hits you.
You die...

#......####.# #...#
#.###.....#.#####..#. #.#
##..#.#†#....#.##
#########.#####.#.#)#....#...
#......##.........#..........
#.####.#########.#########...
#.#<##.# #.###.##### #...
###.#.##.######.##.....#####...
#.....##.....5@5§..###....##...
#################..# ####.#....
##.## #...#.# ######'.##
##..#.# .......§..#####.....
.............)....##
.........######...# .........#
#..$.. .........# #..#..


You could see Grinder and a white imp.

Vanquished Creatures
  Prince Ribbit (D:5)
  2 ogres
  A phantom (D:5)
  A bullfrog (D:6)
  2 scorpions (D:5)
  A gnoll bouda (D:6)
  4 hounds
  Crazy Yiuf (D:3)
  An orc priest (D:4)
  An iguana (D:5)
  An orc wizard (D:4)
  10 gnolls
  10 adders
  A white imp (D:6)
  An ufetubus (D:5)
  A worm (D:3)
  3 dart slugs
  9 orcs
  4 endoplasms
  3 giant cockroaches
  6 goblins
  5 hobgoblins
  8 kobolds
  4 quokkas
  3 ball pythons
  8 bats
  A frilled lizard (D:3)
  A rat (D:1)
94 creatures vanquished.

Notes
Turn   | Place    | Note
-------+----------+-------------------------------------------
     0 | D:1      | Pimp the Demonspawn Fighter began the quest for the Orb.
     0 | D:1      | Reached XP level 1. HP: 18/18 MP: 1/1
   437 | D:1      | Gained mutation: You have a somewhat thin skeletal
                  | structure. (Dex +2, Stealth+) [demonic ancestry]
   437 | D:1      | Reached XP level 2. HP: 24/24 MP: 2/2
   856 | D:2      | Reached skill level 2 in Axes
   946 | D:2      | Reached XP level 3. HP: 24/29 MP: 3/3
  1591 | D:3      | Reached XP level 4. HP: 19/35 MP: 4/4
  1678 | D:3      | Found Baaphine's Weapon Boutique.
  1834 | D:3      | Found Retu's Armour Shop.
  1863 | D:3      | Found the amulet of Elemental Vulnerability {rPois rF--
                  | rC-- AC+8}
  1998 | D:3      | Found a runed translucent door.
  1999 | D:3      | Noticed Crazy Yiuf
  2161 | D:3      | Reached skill level 3 in Axes
  2686 | D:3      | Killed Crazy Yiuf
  2886 | D:4      | Gained mutation: You may rarely emit foul miasma when
                  | damaged in melee. [demonic ancestry]
  2886 | D:4      | Reached XP level 5. HP: 28/41 MP: 5/5
  3362 | D:4      | Reached skill level 4 in Axes
  3362 | D:4      | Reached skill level 1 in Dodging
  3419 | D:4      | Found a shadowy altar of Dithmenos.
  3420 | D:4      | Found a sacrificial altar of Ru.
  3497 | D:4      | Reached XP level 6. HP: 26/47 MP: 6/6
  3924 | D:5      | Entered Level 5 of the Dungeon
  3984 | D:5      | Found a staircase to the Ecumenical Temple.
  4065 | Temple   | Entered the Ecumenical Temple
  4065 | Temple   | Noticed a neqoxec
  4065 | Temple   | Noticed a Hell Sentinel
  4065 | Temple   | Noticed a Hell Sentinel
  4066 | Temple   | Noticed Neic the pandemonium lord
  4066 | Temple   | Noticed Disuru the pandemonium lord
  4069 | Temple   | Noticed Quolaam the pandemonium lord
  4090 | Temple   | Noticed a ynoxinul
  4108 | Temple   | Noticed a Tzitzimitl
  4109 | Temple   | Noticed a smoke demon
  4110 | Temple   | Noticed Hiveptoumi the pandemonium lord
  4110 | Temple   | Noticed a rust devil
  4110 | Temple   | Noticed a neqoxec
  4111 | Temple   | Noticed a red devil
  4120 | Temple   | Noticed a hellion
  4124 | Temple   | Became a worshipper of Warmaster Okawaru
  4126 | Temple   | Noticed Potumofu the pandemonium lord
  4127 | Temple   | Noticed a rust devil
  4178 | D:5      | Reached skill level 1 in Stealth
  4233 | D:5      | Reached XP level 7. HP: 28/53 MP: 7/7
  4257 | D:5      | Reached skill level 5 in Axes
  4842 | D:5      | Found a stormy altar of Qazlal.
  5439 | D:6      | Noticed Prince Ribbit
  5440 | D:6      | Noticed Blork the orc
  5476 | D:5      | Killed Prince Ribbit
  5476 | D:5      | Reached * piety under Okawaru
  5477 | D:5      | Reached skill level 6 in Axes
  5477 | D:5      | Gained mutation: You sometimes gain a little power by
                  | taking damage. [demonic ancestry]
  5477 | D:5      | Reached XP level 8. HP: 19/60 MP: 8/8
  5759 | D:6      | Reached skill level 5 in Armour
  5768 | D:6      | Noticed Grinder
  5791 | D:6      | HP: 1/60 [Grinder/nerve-wracking pain (12)]
  5791 | D:6      | Slain by a white imp

Illustrated notes

Levels and vault maps discovered:
D:1:      lemuel_arrival_funnel, layout_basic, kennysheep_minor_cross,
          minmay_misc_feat_iff
D:2:      layout_basic, minmay_pentomino_w4
D:3:      layout_basic, serial_shops, shop, shop_statue, uniq_crazy_yiuf_cottage
D:4:      layout_gridville, nicolae_overflow_squiral
D:5:      layout_rooms, grunt_qazlal_clouds, minmay_temple_entry_sparse_star,
          minivault_27
D:6:      layout_basic, mainiacjoe_overflow_paths, portal_sewer_entry_a,
          minmay_misc_feat_tiny, uniq_grinder, uniq_blork_the_orc,
          uniq_prince_ribbit1
Temple:   nicolae_temple_panitentiary

Skill      XL: |  1  2  3  4  5  6  7  8 |
---------------+-------------------------+-----
Armour         | 3 4 5 |  5.0
Axes           | 2 3 4 6 |  6.1
Dodging        | 1 |  1.4
Shields        | 3 4 |  4.3
Stealth        | 1 |  1.1
Fighting       | 4 |  4.3
Polearms       | |  0.2

Action                     |  1- 3 |  4- 6 |  7- 9 || total
---------------------------+-------+-------+-------++-------
  Melee: War axe           |    98 |   152 |    93 ||   343
         Spear             |       |       |    20 ||    20
  Throw: Throwing net      |       |       |     1 ||     1
  Evoke: Wand              |       |       |     1 ||     1
    Use: Scroll            |       |     5 |       ||     5
         Potion            |       |     1 |     6 ||     7
   Stab: Sleeping          |       |     5 |       ||     5
 Armour: Scale mail        |    46 |    12 |       ||    58
         Leather armour    |       |    30 |       ||    30
         Plate armour      |       |    27 |    67 ||    94
  Dodge: Dodged            |    49 |    69 |    40 ||   158
  Block: Buckler           |    21 |       |       ||    21
         Kite shield       |    11 |    86 |    73 ||   170

Table legend: (Time is in decaauts)
 A = Elapsed time spent in this place.
 B = Non-inter-level travel time spent in this place.
 C = Inter-level travel time spent in this place.
 D = Time resting spent in this place.
 E = Time spent auto-exploring this place.
 F = Levels seen in this place.
 G = Mean time per level.
                   A        B        C        D        E       F      G
               +--------+--------+--------+--------+--------+-----+--------+
         Total |   5964 |   5728 |    236 |    378 |   4095 |   7 |  852.0 |
       Dungeon |   5886 |   5650 |    236 |    378 |   4056 |   6 |  981.0 |
        Temple |     77 |     77 |      0 |      0 |     39 |   1 |   77.0 |
               +--------+--------+--------+--------+--------+-----+--------+

Top non-repeatable levels by time:
     D:3: 1359 daAuts
     D:5: 1249 daAuts
     D:4: 1116 daAuts
     D:1: 826 daAuts
     D:2: 738 daAuts
     D:6: 596 daAuts
  Temple: 77 daAuts
